TOP OF THE 1ST |
Clinton LumberKings batting - Pitching for Lansing Lugnuts : RHP Mike Moon
|
Pitching: RHP Mike Moon
|
|
Batting: RHB Rick Ellis
|
0-0: Ball 1-0: Ball 2-0: Called Strike 2-1: Foul Ball, location: 2F 2-2: Ball 3-2: Fly out, F8 (Flyball, 8LD, EV 99.4 MPH)
|
Batting: LHB William Warren
|
0-0: Swinging Strike 0-1: Swinging Strike 0-2: Strikes out swinging
|
Batting: RHB Josh Ruhl
|
0-0: Ball 1-0: Foul Ball, location: 2F 1-1: Foul Ball, location: 2F 1-2: Strikes out looking
|
Top of the 1st over - 0 runs, 0 hits, 0 errors, 0 left on base; Clinton 0 - Lansing 0 |
BOTTOM OF THE 1ST |
Lansing Lugnuts batting - Pitching for Clinton LumberKings : LHP Matt Lee
|
Pitching: LHP Matt Lee
|
|
Batting: RHB Finn Ross
|
0-0: Foul Ball, location: 2F 0-1: Ball 1-1: Called Strike 1-2: Ball 2-2: Ball 3-2: Strikes out swinging
|
Batting: RHB Bryan Westray
|
0-0: Ball 1-0: Swinging Strike 1-1: Ball 2-1: DOUBLE (Line Drive, 9LD, EV 110.6 MPH)
|
Batting: LHB Cedric Saunders
|
0-0: Foul Ball, location: 2F 0-1: Swinging Strike 0-2: Strikes out swinging
|
Batting: RHB Takanibu Kaneshiro
|
0-0: Called Strike 0-1: Fly out, F8 (Flyball, 8LM, EV 89.4 MPH)
|
Bottom of the 1st over - 0 runs, 1 hit, 0 errors, 1 left on base; Clinton 0 - Lansing 0 |
TOP OF THE 2ND |
Clinton LumberKings batting - Pitching for Lansing Lugnuts : RHP Mike Moon
|
Batting: LHB Justin Long
|
0-0: SOLO HOME RUN (Flyball, 89XD, EV 102.5 MPH), Distance : 385 ft
|
Batting: LHB Jason Hopkins
|
0-0: Ball 1-0: Swinging Strike 1-1: Swinging Strike 1-2: Foul Ball, location: 2F 1-2: Strikes out looking
|
Batting: SHB Jose Castillo
|
0-0: Called Strike 0-1: Foul Ball, location: 2F 0-2: SINGLE (Line Drive, 89S, EV 110.6 MPH)
|
Batting: SHB Detlef Oursler
|
0-0: Called Strike 0-1: Ball 1-1: Called Strike 1-2: Strikes out swinging
|
Batting: RHB Emmanuel Thomas
|
0-0: Called Strike 0-1: Fielders Choice at 2nd, U4 (Groundball, 4M, EV 78.1 MPH)
|
Top of the 2nd over - 1 run, 2 hits, 0 errors, 1 left on base; Clinton 1 - Lansing 0 |
BOTTOM OF THE 2ND |
Lansing Lugnuts batting - Pitching for Clinton LumberKings : LHP Matt Lee
|
Batting: LHB David Ramirez
|
0-0: SINGLE (Groundball, 4MD, EV 86.2 MPH) (infield hit)
|
Batting: RHB B.J. Worthy
|
0-0: Foul Ball, location: 2F 0-1: Ball 1-1: Ball 2-1: Fly out, F8 (Flyball, 8RM, EV 94.4 MPH)
|
Batting: LHB Dan Martinez
|
0-0: Ball 1-0: Ball 2-0: Fly out, F5 (Popup, 5SF, EV 72.5 MPH)
|
Batting: RHB Luis Reyes
|
0-0: Called Strike 0-1: Ball 1-1: Ball David Ramirez steals 2nd base 2-1: Ball 3-1: Foul Ball, location: 2F 3-2: Foul Ball, location: 2F 3-2: Fly out, F4 (Flyball, 3D, EV 95.6 MPH)
|
Bottom of the 2nd over - 0 runs, 1 hit, 0 errors, 1 left on base; Clinton 1 - Lansing 0 |
TOP OF THE 3RD |
Clinton LumberKings batting - Pitching for Lansing Lugnuts : RHP Mike Moon
|
Batting: SHB Victor Rijos
|
0-0: Called Strike 0-1: Foul Ball, location: 2F 0-2: Ball 1-2: Strikes out swinging
|
Batting: RHB Rick Ellis
|
0-0: Ball 1-0: Fly out, F7 (Flyball, 78M, EV 87.5 MPH)
|
Batting: LHB William Warren
|
0-0: Ball 1-0: Ball 2-0: Foul Ball, location: 2F 2-1: Called Strike 2-2: Foul Ball, location: 2F 2-2: SINGLE (Line Drive, 6M, EV 108.1 MPH)
|
Batting: RHB Josh Ruhl
|
0-0: Called Strike 0-1: Reached on error, E5 (Groundball, 56S, EV 85.6 MPH) William Warren to second
|
Batting: LHB Justin Long
|
0-0: Ball 1-0: SINGLE (Groundball, 6D, EV 102.5 MPH) William Warren to third Josh Ruhl to second Runner from 3rd tries for Home, SAFE, throw by CF to home
|
Batting: LHB Jason Hopkins
|
0-0: Called Strike 0-1: Called Strike 0-2: Strikes out swinging
|
Top of the 3rd over - 1 run, 2 hits, 1 error, 2 left on base; Clinton 2 - Lansing 0 |
BOTTOM OF THE 3RD |
Lansing Lugnuts batting - Pitching for Clinton LumberKings : LHP Matt Lee
|
Batting: RHB Darren McCarty Jr.
|
0-0: Called Strike 0-1: Swinging Strike 0-2: Ball 1-2: Ground out 6-3 (Groundball, 6, EV 82.5 MPH)
|
Batting: RHB Finn Ross
|
0-0: Ball 1-0: Fly out, F9 (Flyball, 9, EV 84.4 MPH)
|
Batting: RHB Bryan Westray
|
0-0: Foul Ball, location: 2F 0-1: SINGLE (Flyball, 6MD, EV 83.8 MPH)
|
Batting: LHB Cedric Saunders
|
0-0: Called Strike 0-1: Ball 1-1: Ball 2-1: Called Strike Bryan Westray steals 2nd base 2-2: Strikes out looking
|
Bottom of the 3rd over - 0 runs, 1 hit, 0 errors, 1 left on base; Clinton 2 - Lansing 0 |
TOP OF THE 4TH |
Clinton LumberKings batting - Pitching for Lansing Lugnuts : RHP Mike Moon
|
Batting: SHB Jose Castillo
|
0-0: Ball 1-0: Foul Ball, location: 2F 1-1: Ball 2-1: Ball 3-1: Foul Ball, location: 2F 3-2: Ground out 6-3 (Groundball, 6M, EV 91.2 MPH)
|
Batting: SHB Detlef Oursler
|
0-0: Ball 1-0: Ball 2-0: Ball 3-0: Base on Balls
|
Batting: RHB Emmanuel Thomas
|
0-0: Ball 1-0: Ball 2-0: Ball 3-0: Called Strike 3-1: Called Strike Detlef Oursler steals 2nd base 3-2: Ground out 6-3 (Groundball, 6M, EV 85.0 MPH) Detlef Oursler to third
|
Batting: SHB Victor Rijos
|
0-0: Ball 1-0: Called Strike 1-1: Ball 2-1: Foul Ball, location: 2F 2-2: Foul Ball, location: 2F 2-2: Foul Ball, location: 2F 2-2: Foul Ball, location: 2F 2-2: Ground out 6-3 (Groundball, 6, EV 86.2 MPH)
|
Top of the 4th over - 0 runs, 0 hits, 0 errors, 1 left on base; Clinton 2 - Lansing 0 |
BOTTOM OF THE 4TH |
Lansing Lugnuts batting - Pitching for Clinton LumberKings : LHP Matt Lee
|
Batting: RHB Takanibu Kaneshiro
|
0-0: Ball 1-0: Ball 2-0: Foul Ball, location: 2F 2-1: TRIPLE (Line Drive, 9LD, EV 113.8 MPH)
|
Batting: LHB David Ramirez
|
0-0: Ball 1-0: Swinging Strike 1-1: Foul Ball, location: 2F 1-2: Ground out 4-3 (Groundball, 4, EV 110.6 MPH) Takanibu Kaneshiro scores
|
Batting: RHB B.J. Worthy
|
0-0: Ground out 4-3 (Groundball, 4, EV 80.6 MPH)
|
Batting: LHB Dan Martinez
|
0-0: Called Strike 0-1: Ball 1-1: Swinging Strike 1-2: Strikes out swinging
|
Bottom of the 4th over - 1 run, 1 hit, 0 errors, 0 left on base; Clinton 2 - Lansing 1 |
TOP OF THE 5TH |
Clinton LumberKings batting - Pitching for Lansing Lugnuts : RHP Mike Moon
|
Batting: RHB Rick Ellis
|
0-0: Ball 1-0: Called Strike 1-1: Ball 2-1: Ball 3-1: Swinging Strike 3-2: Foul Ball, location: 2F 3-2: Strikes out swinging, 2-3 out at first.
|
Batting: LHB William Warren
|
0-0: Fly out, F9 (Line Drive, 9D, EV 94.4 MPH)
|
Batting: RHB Josh Ruhl
|
0-0: Called Strike 0-1: Foul Ball, location: 2F 0-2: Ball 1-2: SINGLE (Line Drive, 9S, EV 101.9 MPH)
|
Pitching: RHP Hanskarl Miller
|
|
Batting: LHB Justin Long
|
0-0: Ball 1-0: Foul Ball, location: 2F 1-1: Fly out, F7 (Flyball, 7LS, EV 92.5 MPH)
|
Top of the 5th over - 0 runs, 1 hit, 0 errors, 1 left on base; Clinton 2 - Lansing 1 |
BOTTOM OF THE 5TH |
Lansing Lugnuts batting - Pitching for Clinton LumberKings : LHP Matt Lee
|
Batting: RHB Luis Reyes
|
0-0: Foul Ball, location: 2F 0-1: Foul Ball, location: 2F 0-2: Ground out 6-3 (Groundball, 6MS, EV 70.6 MPH)
|
Batting: RHB Darren McCarty Jr.
|
0-0: Ball 1-0: Ball 2-0: Foul Ball, location: 2F 2-1: Ball 3-1: Ground out U3 (Groundball, 3S, EV 71.2 MPH)
|
Batting: RHB Finn Ross
|
0-0: Called Strike 0-1: Foul Ball, location: 2F 0-2: Ground out 5-3 (Groundball, 25, EV 84.4 MPH)
|
Bottom of the 5th over - 0 runs, 0 hits, 0 errors, 0 left on base; Clinton 2 - Lansing 1 |
TOP OF THE 6TH |
Clinton LumberKings batting - Pitching for Lansing Lugnuts : RHP Hanskarl Miller
|
Batting: LHB Jason Hopkins
|
0-0: Ball 1-0: Ball 2-0: Swinging Strike 2-1: Ball 3-1: Foul Ball, location: 2F 3-2: Foul Ball, location: 2F 3-2: Strikes out swinging
|
Batting: SHB Jose Castillo
|
0-0: Foul Ball, location: 2F 0-1: Foul Ball, location: 2F 0-2: Strikes out swinging
|
Batting: SHB Detlef Oursler
|
0-0: Ball 1-0: Called Strike 1-1: Fly out, F7 (Flyball, 7, EV 90.6 MPH)
|
Top of the 6th over - 0 runs, 0 hits, 0 errors, 0 left on base; Clinton 2 - Lansing 1 |
BOTTOM OF THE 6TH |
Lansing Lugnuts batting - Pitching for Clinton LumberKings : LHP Matt Lee
|
Batting: RHB Bryan Westray
|
0-0: Called Strike 0-1: Called Strike 0-2: Ball 1-2: Fly out, F9 (Line Drive, 9, EV 100.0 MPH)
|
Batting: LHB Cedric Saunders
|
0-0: Foul Ball, location: 2F 0-1: Ball 1-1: Swinging Strike 1-2: Foul Ball, location: 2F 1-2: Ball 2-2: Ground out 4-3 (Groundball, 4, EV 80.0 MPH)
|
Batting: RHB Takanibu Kaneshiro
|
0-0: Ball 1-0: Foul Ball, location: 2F 1-1: Ball 2-1: Swinging Strike 2-2: Ball 3-2: SINGLE (Groundball, 5D, EV 105.0 MPH)
|
Batting: LHB David Ramirez
|
0-0: Ball 1-0: Ball 2-0: Ball Wild Pitch! Takanibu Kaneshiro to second 3-0: Called Strike 3-1: Ground out 5-3 (Groundball, 5, EV 81.9 MPH)
|
Bottom of the 6th over - 0 runs, 1 hit, 0 errors, 1 left on base; Clinton 2 - Lansing 1 |
TOP OF THE 7TH |
Clinton LumberKings batting - Pitching for Lansing Lugnuts : RHP Hanskarl Miller
|
Batting: RHB Emmanuel Thomas
|
0-0: Ball 1-0: Called Strike 1-1: Ball 2-1: Swinging Strike 2-2: Ball 3-2: Fly out, F7 (Flyball, 78S, EV 85.0 MPH)
|
Batting: SHB Victor Rijos
|
0-0: Ball 1-0: Ground out 6-3 (Groundball, 6M, EV 88.1 MPH)
|
Batting: RHB Rick Ellis
|
0-0: Ball 1-0: Swinging Strike 1-1: Foul Ball, location: 2F 1-2: Ball 2-2: Foul Ball, location: 2F 2-2: Ball 3-2: Ground out U3 (Groundball, 34, EV 82.5 MPH)
|
Top of the 7th over - 0 runs, 0 hits, 0 errors, 0 left on base; Clinton 2 - Lansing 1 |
BOTTOM OF THE 7TH |
Lansing Lugnuts batting - Pitching for Clinton LumberKings : LHP Matt Lee
|
Pitching: LHP Rentaro Minami
|
|
Batting: RHB B.J. Worthy
|
0-0: Ball 1-0: Ball 2-0: SINGLE (Line Drive, 56D, EV 98.1 MPH)
|
Batting: LHB Dan Martinez
|
0-0: Ball 1-0: Called Strike 1-1: Ball 2-1: Ball 3-1: Foul Ball, location: 2F 3-2: Foul Ball, location: 2F 3-2: Foul Ball, location: 2F 3-2: Foul Ball, location: 2F 3-2: Fielders Choice at 2nd, 6-4 (Groundball, 56, EV 88.1 MPH)
|
Batting: RHB Luis Reyes
|
0-0: Grounds into double play, 4-6-3 (Groundball, 4, EV 84.4 MPH)
|
Bottom of the 7th over - 0 runs, 1 hit, 0 errors, 0 left on base; Clinton 2 - Lansing 1 |
TOP OF THE 8TH |
Clinton LumberKings batting - Pitching for Lansing Lugnuts : RHP Hanskarl Miller
|
Pitching: RHP Andres Lozano
|
|
Now at 3B: Roger Escareno
|
|
Batting: LHB William Warren
|
0-0: Swinging Strike 0-1: Ball 1-1: Foul Ball, location: 2F 1-2: Fly out, F7 (Flyball, 7S, EV 88.8 MPH)
|
Batting: RHB Josh Ruhl
|
0-0: Foul Ball, location: 2F 0-1: Ball 1-1: Swinging Strike 1-2: Strikes out looking
|
Batting: LHB Justin Long
|
0-0: Called Strike 0-1: Called Strike 0-2: Ball 1-2: Ball 2-2: Foul Ball, location: 2F 2-2: Strikes out swinging, 2-3 out at first.
|
Top of the 8th over - 0 runs, 0 hits, 0 errors, 0 left on base; Clinton 2 - Lansing 1 |
BOTTOM OF THE 8TH |
Lansing Lugnuts batting - Pitching for Clinton LumberKings : LHP Rentaro Minami
|
Pitching: RHP Mark Vogt
|
|
Batting: RHB Darren McCarty Jr.
|
0-0: Called Strike 0-1: Ball 1-1: Called Strike 1-2: Fly out, F9 (Flyball, 9LS, EV 90.6 MPH)
|
Batting: RHB Finn Ross
|
0-0: Ball 1-0: Ground out 3-1 (Groundball, 34, EV 85.6 MPH)
|
Pinch Hitting: SHB Jose Garcia
|
0-0: Called Strike 0-1: Foul Ball, location: 2F 0-2: Ball 1-2: Ball 2-2: Foul Ball, location: 2F 2-2: Ball 3-2: Strikes out swinging
|
Bottom of the 8th over - 0 runs, 0 hits, 0 errors, 0 left on base; Clinton 2 - Lansing 1 |
TOP OF THE 9TH |
Clinton LumberKings batting - Pitching for Lansing Lugnuts : RHP Andres Lozano
|
Pitching: RHP Jonathan Ballejos
|
|
Now at 1B: Jose Garcia
|
|
Batting: LHB Jason Hopkins
|
0-0: Ball 1-0: Foul Ball, location: 2F 1-1: Ground out U3 (Groundball, 3, EV 79.4 MPH)
|
Batting: SHB Jose Castillo
|
0-0: Called Strike 0-1: Ball 1-1: Ball 2-1: Ball 3-1: Foul Ball, location: 2F 3-2: Strikes out swinging
|
Batting: SHB Detlef Oursler
|
0-0: Called Strike 0-1: Ball 1-1: Foul Ball, location: 2F 1-2: Strikes out swinging
|
Top of the 9th over - 0 runs, 0 hits, 0 errors, 0 left on base; Clinton 2 - Lansing 1 |
BOTTOM OF THE 9TH |
Lansing Lugnuts batting - Pitching for Clinton LumberKings : RHP Mark Vogt
|
Pitching: LHP Shi-fu Zhou
|
|
Batting: RHB Ivan Ramirez
|
0-0: Ball 1-0: Fly out, F8 (Flyball, 8LM, EV 86.2 MPH)
|
Batting: RHB Takanibu Kaneshiro
|
0-0: Ball 1-0: Fly out, F9 (Line Drive, 9D, EV 87.5 MPH)
|
Pinch Hitting: RHB Corey Davis
|
0-0: Ball 1-0: SOLO HOME RUN (Flyball, 7D, EV 104.4 MPH), Distance : 369 ft
|
Batting: LHB Roger Escareno
|
0-0: Ball 1-0: Called Strike 1-1: Called Strike 1-2: Ground out 6-3 (Groundball, 6M, EV 105.0 MPH)
|
Bottom of the 9th over - 1 run, 1 hit, 0 errors, 0 left on base; Clinton 2 - Lansing 2 |
TOP OF THE 10TH |
Clinton LumberKings batting - Pitching for Lansing Lugnuts : RHP Jonathan Ballejos
|
Pitching: RHP Mel Schultz
|
|
Now in RF: Corey Davis
|
|
Pinch Hitting: LHB Ryan Rothenbach
|
0-0: SINGLE (Line Drive, 89S, EV 86.2 MPH)
|
Batting: SHB Victor Rijos
|
0-0: Ball 1-0: Ball Ryan Rothenbach steals 2nd base 2-0: Bunted foul 2-1: Ball 3-1: Ball
|
Batting: RHB Rick Ellis
|
0-0: Sac Bunt to 13 - play at first, batter OUT! 1-4 Ryan Rothenbach to third Victor Rijos to second
|
Batting: LHB William Warren
|
0-0: Fly out, F5 (Popup, 5F, EV 63.8 MPH)
|
Batting: RHB Josh Ruhl
|
0-0: Ball 1-0: Swinging Strike 1-1: Ball 2-1: Swinging Strike 2-2: Foul Ball, location: 2F 2-2: Strikes out swinging
|
Top of the 10th over - 0 runs, 1 hit, 0 errors, 2 left on base; Clinton 2 - Lansing 2 |
BOTTOM OF THE 10TH |
Lansing Lugnuts batting - Pitching for Clinton LumberKings : LHP Shi-fu Zhou
|
Now at 1B: Josh Ruhl
|
|
Now at 3B: Rick Ellis
|
|
Now at SS: Detlef Oursler
|
|
Now in CF: Jose Castillo
|
|
Now in RF: Ryan Rothenbach
|
|
Batting: LHB Dan Martinez
|
0-0: Called Strike 0-1: Ball 1-1: Fly out, F8 (Flyball, 8LM, EV 88.8 MPH)
|
Batting: RHB Luis Reyes
|
0-0: Swinging Strike 0-1: Swinging Strike 0-2: Strikes out looking
|
Batting: RHB Darren McCarty Jr.
|
0-0: Ball 1-0: Ball 2-0: Swinging Strike 2-1: Swinging Strike 2-2: Ball 3-2: Strikes out swinging
|
Bottom of the 10th over - 0 runs, 0 hits, 0 errors, 0 left on base; Clinton 2 - Lansing 2 |
TOP OF THE 11TH |
Clinton LumberKings batting - Pitching for Lansing Lugnuts : RHP Mel Schultz
|
Batting: LHB Justin Long
|
0-0: Fly out, F6 (Popup, 6S, EV 67.5 MPH)
|
Batting: LHB Jason Hopkins
|
0-0: Ground out 4-3 (Groundball, 4, EV 92.5 MPH)
|
Batting: SHB Jose Castillo
|
0-0: Foul Ball, location: 2F 0-1: Ball 1-1: Ball 2-1: Called Strike 2-2: Foul Ball, location: 2F 2-2: Ball 3-2: Foul Ball, location: 2F 3-2: Strikes out swinging
|
Top of the 11th over - 0 runs, 0 hits, 0 errors, 0 left on base; Clinton 2 - Lansing 2 |
BOTTOM OF THE 11TH |
Lansing Lugnuts batting - Pitching for Clinton LumberKings : LHP Shi-fu Zhou
|
Batting: RHB Finn Ross
|
0-0: Ball 1-0: Ground out 5-3 (Groundball, 56S, EV 70.0 MPH)
|
Batting: SHB Jose Garcia
|
0-0: Called Strike 0-1: Ground out 6-3 (Groundball, 6, EV 83.8 MPH)
|
Batting: RHB Ivan Ramirez
|
0-0: Called Strike 0-1: Called Strike 0-2: Foul Ball, location: 2F 0-2: Ball 1-2: Ball 2-2: Ball 3-2: SINGLE (Line Drive, 6D, EV 100.0 MPH)
|
Batting: RHB Takanibu Kaneshiro
|
0-0: Called Strike 0-1: Swinging Strike 0-2: Strikes out looking
|
Bottom of the 11th over - 0 runs, 1 hit, 0 errors, 1 left on base; Clinton 2 - Lansing 2 |
TOP OF THE 12TH |
Clinton LumberKings batting - Pitching for Lansing Lugnuts : RHP Mel Schultz
|
Pitching: RHP Ari Lueger
|
|
Batting: SHB Detlef Oursler
|
0-0: Called Strike 0-1: Ball 1-1: Foul Ball, location: 2F 1-2: Strikes out swinging
|
Batting: LHB Ryan Rothenbach
|
0-0: Ball 1-0: Foul Ball, location: 2F 1-1: DOUBLE (Line Drive, 89XD, EV 103.8 MPH)
|
Pinch Hitting: RHB Justin Colella
|
0-0: Ball 1-0: Ball 2-0: Ball 3-0: Called Strike 3-1: SINGLE (Groundball, 56D, EV 98.8 MPH) Ryan Rothenbach to third Runner from 3rd tries for Home, throw by LF and OUT! 7-2
|
Batting: RHB Rick Ellis
|
0-0: Ball 1-0: Foul Ball, location: 2F 1-1: Foul Ball, location: 2F 1-2: Ball 2-2: Ball 3-2: Foul Ball, location: 2F 3-2: Foul Ball, location: 2F 3-2: Fly out, F7 (Line Drive, 78M, EV 98.1 MPH)
|
Top of the 12th over - 0 runs, 2 hits, 0 errors, 1 left on base; Clinton 2 - Lansing 2 |
BOTTOM OF THE 12TH |
Lansing Lugnuts batting - Pitching for Clinton LumberKings : LHP Shi-fu Zhou
|
Now at 2B: Detlef Oursler
|
|
Now at SS: Brian Butler
|
|
Batting: RHB Corey Davis
|
0-0: Ball 1-0: Ball 2-0: Called Strike 2-1: Ball 3-1: Base on Balls
|
Batting: LHB Roger Escareno
|
0-0: Sac Bunt to 23 - play at first, batter OUT! 3-4 Corey Davis to second
|
Batting: LHB Dan Martinez
|
0-0: Ball 1-0: Ball Wild Pitch! Corey Davis to third 2-0: Ball 3-0: Called Strike 3-1: Called Strike 3-2: Fly out, F7 (Flyball, 7LS, EV 85.6 MPH)
|
Batting: RHB Luis Reyes
|
0-0: Ball 1-0: Ball 2-0: Called Strike 2-1: Swinging Strike 2-2: Foul Ball, location: 2F 2-2: Foul Ball, location: 2F 2-2: Ball 3-2: Base on Balls
|
Batting: RHB Darren McCarty Jr.
|
0-0: Foul Ball, location: 2F 0-1: Ball 1-1: Fielders Choice at 2nd, 5-4 (Groundball, 56, EV 81.9 MPH)
|
Bottom of the 12th over - 0 runs, 0 hits, 0 errors, 2 left on base; Clinton 2 - Lansing 2 |
TOP OF THE 13TH |
Clinton LumberKings batting - Pitching for Lansing Lugnuts : RHP Ari Lueger
|
Batting: LHB William Warren
|
0-0: Called Strike 0-1: Ball 1-1: Fly out, F7 (Flyball, 7S, EV 96.2 MPH)
|
Batting: RHB Josh Ruhl
|
0-0: Called Strike 0-1: Called Strike 0-2: Strikes out swinging
|
Batting: LHB Justin Long
|
0-0: Foul Ball, location: 2F 0-1: Ball 1-1: Foul Ball, location: 2F 1-2: Strikes out swinging
|
Top of the 13th over - 0 runs, 0 hits, 0 errors, 0 left on base; Clinton 2 - Lansing 2 |
BOTTOM OF THE 13TH |
Lansing Lugnuts batting - Pitching for Clinton LumberKings : LHP Shi-fu Zhou
|
Batting: RHB Finn Ross
|
0-0: Ball 1-0: Ball 2-0: Ball 3-0: Base on Balls
|
Pitching: RHP Yic Chen
|
|
Batting: SHB Jose Garcia
|
0-0: Ball Finn Ross steals 2nd base 1-0: Ball 2-0: Ball 3-0: Called Strike 3-1: Bunt missed! 3-2: Ground out 4-3 (Groundball, 34, EV 93.1 MPH) Finn Ross to third
|
Batting: RHB Ivan Ramirez
|
0-0: Called Strike 0-1: Swinging Strike 0-2: Ball Passed Ball! Finn Ross scores
|
Bottom of the 13th over - 1 run, 0 hits, 0 errors, 0 left on base; Clinton 2 - Lansing 3 |
|
Game Over ... Lansing defeats Clinton, 3 to 2
|
|
|